AoeStats
← Pwncakes

Nomad

508996140Analyzed
2v2 RM · 7d ago on Sep 25, 2026· 39m 24s· 4 players
Game mode
Random Map
Map size
176×176
Population
200
Speed
Normal
Resources
Standard
Victory
Conquest
Starting age
Dark Age
Ending age
Imperial Age
RankedLock teamsTeams togetherTeam positionsShared explorationLock speedFull tech treeHidden civsTurbo modeCheats
Victory
Defeat
🇦🇺 Sicilians · Australia
1478
+12
🇩🇪 Muisca · Germany
1468
+12
🇺🇸 Franks · United States
1414
-13
🇺🇸 Shu · United States
1361
-11
Pwncakes
4:55 Loom
13:49 Feudal Age
14:17 Fishing Lines
15:01 Double-Bit Axe
17:21 Forging
21:00 Castle Age
18:54 Stone Mining
20:07 Scale Barding Armor
20:27 Gold Mining
22:09 Bow Saw
23:21 Medium Warships
25:35 Iron Casting
27:20 Chain Barding Armor
27:04 Husbandry
31:09 Wheelbarrow
33:33 Treadmill Crane
33:45 Fletching
35:18 Masonry
36:01 Bodkin Arrow
36:15 Scale Mail Armor
38:13 Hand Cart
40:56 Imperial Age
38:51 Padded Archer Armor
SweetLou 11
7:19 Loom
13:30 Feudal Age
14:22 Double-Bit Axe
14:40 Town Watch
18:56 Castle Age
19:34 Fletching
24:06 Scale Mail Armor
27:39 Chain Mail Armor
36:40 Wheelbarrow
36:06 Horse Collar
38:12 Bodkin Arrow
38:51 Padded Archer Armor
38:14 Crossbowman
40:10 Ballistics
40:09 Leather Archer Armor
omnomnomnivore
9:18 Loom
13:30 Feudal Age
14:00 Double-Bit Axe
21:19 Castle Age
19:28 Fletching
20:38 Fishing Lines
22:14 Bow Saw
22:27 Gillnets
29:41 Gold Mining
gil
11:08 Loom
13:47 Feudal Age
14:25 Horse Collar
15:15 Double-Bit Axe
17:34 Castle Age
18:45 Bow Saw
19:27 Heavy Plow
20:34 Gold Mining
22:22 Wheelbarrow
22:35 Stone Mining
23:21 Scale Mail Armor
24:35 Squires
27:54 Chain Mail Armor
32:48 Imperial Age
30:35 Hand Cart
30:43 Forging
32:59 Iron Casting
34:10 Plate Mail Armor
35:30 Blast Furnace
35:10 Fletching
35:12 Elite Serjeant
36:40 First Crusade
Connection lost

Rejoining the realm…

Still unreachable

The connection could not be restored.

Session expired

The server has moved on; the page needs a fresh start.